Map: Efflorescence LE

Players

karasik

  • Race: Zerg Zerg
  • League: Silver
  • Spawn Location: 6:00

vvv

  • Race: Protoss Protoss
  • Spawn Location: 9:00

qqq - Winner!

  • Race: Zerg Zerg
  • League: Platinum
  • Spawn Location: 3:00

Massa - Winner!

  • Race: Terran Terran
  • League: Platinum
  • Spawn Location: 12:00

VOD

Have the link to the VOD?

Description

Time

  • Played on: Dec. 9, 2020, 2:59 p.m.
  • Length: 8:17
Show
View Real Time Build Order
Export as new Build Order

karasik Zerg 

Build Orders: Pool First 

Get SALT Encoding   

  12  0:01  Drone  
  13  0:08  Drone  
  14  0:16  Extractor  
  14  0:17  Drone  
  15  0:23  Overlord  
  15  0:41  Drone x2  
  17  0:46  Drone  
  18  0:50  Spawning Pool  
  18  0:55  Drone  
  18  1:00  Extractor  
  17  1:06  Drone  
  18  1:24  Drone  
  19  1:30  Drone  
  20  1:39  Queen  
  22  1:41  Overlord  
  22  2:00  Zergling x2  
  22  2:01  Zergling x2  
  24  2:02  Hatchery  
  24  2:08  Metabolic Boost  
  23  2:12  Zergling x2  
  24  2:36  Drone x2  
  26  2:43  Extractor, Drone  
  26  2:53  Overlord x2  
  26  3:00  Drone x2  
  26  3:05  Lair  
  28  3:15  Drone  
  28  3:18  Queen  
  28  3:19  Drone  
  32  3:27  Overlord  
  32  3:32  Drone  
  33  3:39  Extractor  
  33  3:40  Drone  
  33  3:46  Drone x3  
  36  3:53  Drone  
  37  3:58  Drone  
  38  4:12  Spire  
  38  4:14  Overlord  
  37  4:19  Overlord  
  35  4:33  Zergling x6  
  38  4:38  Zergling x2  
  38  4:39  Zergling x8  
  43  4:46  Overseer  
  43  4:49  Overlord  
  34  5:32  Mutalisk x3  
  40  5:38  Mutalisk x3  
  40  5:42  Zergling x4  
Show
View Real Time Build Order
Export as new Build Order

vvv Protoss 

Build Orders:  

Get SALT Encoding   

  12  0:01  Probe  
  13  0:18  Probe (Chrono Boost), Pylon  
  15  0:28  Probe (Chrono Boost)  
  15  0:34  Probe (Chrono Boost)  
  16  0:43  Gateway  
  16  0:47  Assimilator  
  16  0:50  Probe  
  17  1:03  Probe  
  18  1:10  Forge  
  18  1:15  Probe  
  19  1:36  Cybernetics Core  
  19  1:41  Pylon  
  19  1:47  Assimilator  
  19  1:52  Photon Cannon  
  19  2:12  Nexus  
  19  2:15  Probe (Chrono Boost)  
  20  2:26  Probe (Chrono Boost)  
  20  2:28  Pylon  
  21  2:30  Probe (Chrono Boost)  
  22  2:46  Assimilator  
  22  2:56  Probe  
  23  3:08  Probe  
  23  3:10  Stargate  
  23  3:12  Pylon  
  24  3:20  Probe (Chrono Boost)  
  24  3:21  Photon Cannon  
  25  3:32  Probe (Chrono Boost)  
  26  3:39  Probe (Chrono Boost)  
  27  3:43  Assimilator  
  27  3:47  Probe (Chrono Boost)  
  29  3:52  Probe (Chrono Boost)  
  29  3:57  Probe (Chrono Boost)  
  29  4:02  Probe (Chrono Boost)  
  31  4:16  Fleet Beacon  
  8  6:01  Nexus x2  
  7  6:28  Pylon  
  7  6:31  Pylon  
  3  7:14  Forge  
  3  7:18  Gateway  
  2  7:46  Probe (Chrono Boost)  
  2  7:50  Pylon  
  3  7:56  Probe (Chrono Boost)  
  4  8:01  Probe (Chrono Boost)  
Show
View Real Time Build Order
Export as new Build Order

qqq Zerg - Winner!

Build Orders: Hatch First 

Get SALT Encoding   

  12  0:00  Drone  
  13  0:08  Drone  
  14  0:18  Overlord  
  14  0:45  Hatchery  
  14  0:50  Drone  
  14  0:53  Drone  
  15  0:59  Extractor  
  15  1:18  Drone x3  
  17  1:27  Spawning Pool  
  16  1:33  Drone  
  17  1:54  Drone x2  
  19  2:00  Drone  
  20  2:06  Drone  
  21  2:13  Metabolic Boost  
  21  2:15  Queen  
  23  2:23  Queen  
  23  2:25  Drone  
  23  2:27  Drone  
  27  2:33  Zergling x2  
  28  2:37  Overlord  
  28  2:38  Extractor  
  27  2:46  Drone  
  28  2:53  Baneling Nest  
  28  2:55  Zergling x2  
  28  2:56  Zergling x2  
  28  2:57  Zergling x2  
  28  2:58  Zergling x2  
  31  3:08  Zergling x2  
  31  3:09  Zergling x4  
  34  3:17  Zergling x2  
  34  3:18  Drone  
  36  3:32  Overlord x3  
  36  3:37  Baneling x4  
  36  3:42  Overlord  
  36  3:50  Zergling x4  
  36  3:54  Lair  
  38  3:56  Drone  
  38  4:00  Zergling x4  
  41  4:05  Zergling x2  
  42  4:14  Baneling x2  
  42  4:26  Zergling x6  
  42  4:27  Zergling x4  
  42  4:28  Zergling x4  
  47  4:39  Zergling x6  
  47  4:57  Zergling x2  
  47  4:58  Zergling x6  
  49  5:14  Baneling x5  
  48  5:26  Zergling x6  
  48  5:27  Zergling x4  
  51  5:38  Zergling x6  
  51  5:39  Zergling x6  
  51  5:40  Zergling x2  
  58  6:13  Zergling x2  
  58  6:14  Zergling x8  
  58  6:15  Zergling x8  
  67  6:20  Spire  
  66  6:31  Queen  
  68  6:50  Hatchery  
  68  6:52  Spore Crawler  
  66  6:57  Zergling x6  
  66  6:59  Drone  
  66  7:00  Drone  
  66  7:01  Hatchery  
  65  7:29  Drone x2  
  67  7:30  Drone  
  67  7:31  Overlord x2  
  67  7:35  Extractor  
  67  7:50  Drone x2  
  69  7:51  Drone  
  70  8:02  Extractor  
Show
View Real Time Build Order
Export as new Build Order

Massa Terran - Winner!

Build Orders:  

Get SALT Encoding   

  12  0:00  SCV  
  13  0:12  SCV  
  14  0:17  Supply Depot  
  14  0:24  SCV  
  15  0:39  SCV  
  15  0:40  Barracks  
  16  0:47  Supply Depot  
  16  0:51  SCV  
  17  1:01  Refinery  
  17  1:03  SCV  
  18  1:11  Barracks  
  18  1:18  SCV  
  19  1:26  Barracks  
  19  1:31  SCV  
  20  1:43  SCV  
  20  1:44  Barracks Tech Lab  
  21  1:55  SCV  
  22  2:01  Marine  
  22  2:03  Marine  
  22  2:08  Orbital Command  
  24  2:13  Marine, Supply Depot  
  25  2:19  Stimpack  
  25  2:22  Marine  
  26  2:25  Marine  
  27  2:37  Marine  
  27  2:40  Marine  
  27  2:44  Marauder  
  31  2:54  Marine  
  31  2:58  Marine, Supply Depot  
  33  3:05  Marauder  
  35  3:12  Marine  
  35  3:14  Supply Depot  
  35  3:16  Marine  
  37  3:26  Marauder  
  39  3:30  Marine  
  39  3:33  Marine  
  41  3:48  Marauder, Marine  
  44  3:51  Marine  
  45  3:58  Concussive Shells  
  45  4:06  Marine  
  45  4:09  Marauder, Marine, Command Center  
  49  4:23  Engineering Bay  
  49  4:24  Marine  
  49  4:27  Marine  
  49  4:31  Marauder  
  53  5:08  SCV  
  54  5:21  SCV  
  54  5:33  SCV  
  53  6:10  SCV  
  54  6:12  Orbital Command  
  54  6:22  SCV  
  55  6:34  SCV  
  55  6:36  Missile Turret  
  55  6:37  Marine x2  
  55  6:38  Marine  
  59  6:40  Missile Turret  
  59  6:44  Missile Turret  
  59  6:46  Missile Turret  
  59  6:47  SCV x2  
  61  6:55  Marine x2  
  61  6:59  SCV x2  
  65  7:11  SCV  
  66  7:30  SCV x2  
  68  7:38  Command Center x2  
  68  7:42  SCV x2  
  70  7:47  Barracks  
  70  7:54  Barracks Reactor, Barracks  
  70  7:55  Barracks Reactor  
  70  8:02  Supply Depot x2  
  70  8:03  Supply Depot  
  70  8:04  Supply Depot x2  
  70  8:05  Supply Depot  
Tags
 
Add a new tag
Caveats
  • Supply blocks, unpowered buildings, or Contaminate may cause inaccurate times.
  • Supply counts are checked every 10 seconds.